Unix NetHack Version 5.0.0-0 post-release - last build May 23 2026 06:08:33 (1c0ff79ee797540d5714e4e18072db0edd9e58ae,branch:main).

Game began 2026-05-27 18:16:43, ended 2026-05-27 18:27:57.

CyberFan, lawful male human Knight

                                 -------------
                                 |C.........C|
                                 |.....C.....|       ##
                                 |...--.--...|      @#
                                 |...|.{.|...|   ####
                                 |..C|{.{|C..|   #
                                 |...|.{.|...%####
                                 |...-----...|   #
                                 |...   .....|
                                 |C.........C|
                                 -------------

CyberFan the Esquire     St:15 Dx:12 Co:11 In:7 Wi:15 Ch:17  Lawful
Dlvl:9  $:84 HP:0(34) Pw:18(18) AC:2  Xp:4/89 T:1929  Blind

Latest messages:
 It hits!
 It hits again!
 Wait!  There's something there you can't see!
 It bites!
 It hits!
 It hits again!
 You hit it.
 It bites!
 It hits!
 It hits again!
 It misses!
 You miss it.
 It misses!
 It hits!
 It misses!
 It bites!
 You miss it.
 It bites!
 It hits!
 It misses!
 It bites!
 What do you want to read? [jn-pt-wyA or ?*]
 As you pronounce the formula on it, the scroll disappears.
 It bites!
 It hits!
 It just misses!
 What do you want to drink? [lBC or ?*]
 You feel better.
 You can see again.
 The raven misses!
 The raven blinds you!
 It misses!
 It just misses!
 It bites!
 It just misses!
 You miss it.
 It misses!
 It hits!
 You miss it.
 It bites!
 It hits!
 It misses!
 You hit it.
 It bites!
 It hits!
 It misses!
 You hit it.
 It bites!
 It hits!
 You die...

Inventory:
 Coins    ('$')
  $ - 84 gold pieces
 Weapons  (')')
  a - an uncursed rusty +2 long sword (weapon in right hand)
 Armor    ('[')
  d - an uncursed +0 helmet (being worn)
  f - an uncursed +0 pair of leather gloves (being worn)
  e - an uncursed +0 small shield (being worn)
  F - an uncursed +0 cloak of displacement (being worn)
  H - an uncursed +0 cloak of invisibility
  c - an uncursed +1 ring mail (being worn)
 Comestibles  ('%')
  z - a cursed apple
  x - 3 uncursed food rations
  k - an uncursed lichen corpse
 Scrolls  ('?')
  y - a cursed scroll of amnesia
  j - a cursed scroll of blank paper
  n - 2 uncursed scrolls of confuse monster
  A - a blessed scroll of enchant armor
  o - an uncursed scroll of enchant weapon
  v - an uncursed scroll of identify
  t - an uncursed scroll of light
  u - a cursed scroll of punishment
  w - a blessed scroll of remove curse
 Spellbooks  ('+')
  p - an uncursed spellbook of magic missile
 Potions  ('!')
  B - a cursed potion of gain energy
  l - an uncursed potion of see invisible
 Rings    ('=')
  i - a cursed ring of polymorph
 Wands    ('/')
  D - an uncursed wand of digging (0:5)
 Tools    ('(')
  m - an uncursed magic whistle
 Gems/Stones  ('*')
  E - an uncursed worthless piece of green glass
  q - an uncursed worthless piece of orange glass
  r - 2 uncursed worthless pieces of red glass

CyberFan the Knight's attributes:

Background:
 You were an Esquire, a level 4 male human Knight.
 You were lawful, on a mission for Lugh
 who was opposed by Brigit (neutral) and Manannan Mac Lir (chaotic).
 You were right-handed.
 You were in the Dungeons of Doom, on level 9.
 You entered the dungeon 1929 turns ago.
 You had 89 experience points, 71 more were needed to attain level 5.

Basics:
 You had 0 out of 34 hit points.
 You had all 18 energy points (spell power).
 Your armor class was 2.
 Your wallet contained 84 zorkmids.
 Autopickup was on for '$%?!"=/*' plus thrown, with exceptions.

Final Characteristics:
 Your strength was 15 (limit:18/100).
 Your dexterity was 12 (limit:18).
 Your constitution was 11 (limit:18).
 Your intelligence was 7 (limit:18).
 Your wisdom was 15 (limit:18).
 Your charisma was 17 (limit:18).

Final Status:
 You were temporarily blind.
 You weren't hungry.
 You were unencumbered.
 You were wielding a long sword.
 You had basic skill with long sword.

Final Attributes:
 You were devoutly aligned.
 You would have seen invisible when not blind.
 You were displaced.
 You could jump.
 You were warded.
 You are dead.

Miscellaneous:
 You disabled loading and storing of bones levels.
 Total elapsed playing time was 11 minutes and 14 seconds.

Major events:
 Turn
    1: CyberFan the lawful male human Knight entered the dungeon
  904: attained the rank of Esquire (level 3)
 1099: entered the Gnomish Mines
 1929: killed by a straw golem

You didn't know any spells.

Skills:
 Fighting Skills
   bare handed combat [Unskilled]
   two weapon combat  [Unskilled]
   riding             [Basic]
 Weapon Skills
   dagger             [Unskilled]
   knife              [Unskilled]
   axe                [Unskilled]
   pick-axe           [Unskilled]
   short sword        [Unskilled]
   broadsword         [Unskilled]
   long sword         [Basic]
   two-handed sword   [Unskilled]
   saber              [Unskilled]
   club               [Unskilled]
   mace               [Unskilled]
   morning star       [Unskilled]
   flail              [Unskilled]
   hammer             [Unskilled]
   polearms           [Unskilled]
   spear              [Unskilled]
   trident            [Unskilled]
   lance              [Basic]
   bow                [Unskilled]
   crossbow           [Unskilled]
 Spellcasting Skills
   attack spells      [Unskilled]
   healing spells     [Unskilled]
   clerical spells    [Unskilled]

Voluntary challenges:
 Character rerolling was not enabled.
 You never genocided any monsters.
 You never polymorphed an object.
 You never changed form.
 You used no wishes.
Achievements:
 You entered a shop.
 You attained the rank of Esquire.
 You entered the Gnomish Mines.

 The Dungeons of Doom: levels 1 to 9
    Level 1:
    Level 2:
    Level 3:
       A general store.
       Stairs down to The Gnomish Mines.
    Level 4:
       A sink.
    Level 5:
    Level 6:
       A general store, a fountain.
    Level 9: <- You were here.
       Many fountains.
       Final resting place for
          you, killed by a straw golem.
 The Gnomish Mines:
    Level 4:


Vanquished creatures:
 an elf zombie
  2 homunculi
 an iguana
  a coyote
  a gas spore
  a large kobold
  2 hobgoblins
  2 yellow molds
  a gecko
  3 jackals
  2 foxes
  2 goblins
  4 sewer rats
  4 grid bugs
  3 lichens
  6 newts
36 creatures vanquished.

No species were genocided or became extinct.

Game over:
                       ----------
                      /          \
                     /    REST    \
                    /      IN      \
                   /     PEACE      \
                  /                  \
                  |     CyberFan     |
                  |      84 Au       |
                  |   killed by a    |
                  |   straw golem    |
                  |                  |
                  |                  |
                  |       2026       |
                 *|     *  *  *      | *
        _________)/\\_//(\/(/\)/\//\/|_)_______

Fare thee well CyberFan the Knight...

You died in The Dungeons of Doom on dungeon level 9 with 852 points,
and 84 pieces of gold, after 1929 moves.
You were level 4 with a maximum of 34 hit points when you died.

